 Dungeon Crawl Stone Soup version 0.26.0-10-g1f06aea511 (webtiles) character file.

Game seed: 2866042929197494230

14494 funkygono the Destroyer (level 11, -6/81 HPs)
             Began as a Pale Draconian Conjurer on Jan 31, 2021.
             Was a High Priest of Sif Muna.
             Killed from afar by Erica (7 damage)
             ... with a bolt of poison
             ... on level 2 of the Lair of Beasts.
             The game lasted 00:43:04 (14935 turns).

funkygono the Destroyer (Pale Draconian Conjurer)  Turns: 14935, Time: 00:43:04

Health: -6/81      AC: 12    Str:  9    XL:     11   Next: 89%
Magic:  3/26       EV: 13    Int: 28    God:    Sif Muna [*****.]
Gold:   703        SH: 10    Dex: 10    Spells: 22/32 levels left

rFire    . . .     SeeInvis .   G - +2 whip (freeze)
rCold    . . .     Faith    .   i - +1 buckler
rNeg     + . .     Spirit   .   (armour unavailable)
rPois    .         Reflect  +   (helmet restricted)
rElec    .         Harm     .   o - +1 cloak {rCorr}
rCorr    +         Rampage  .   p - +1 pair of gloves
Will     .....                  y - +0 pair of boots
Stlth    ++........             k - amulet of reflection
HPRegen  0.23/turn              b - ring of positive energy
MPRegen  0.20/turn              x - +6 ring of intelligence

@: lethally poisoned (-6 -> -18), very slightly contaminated, slowed, very slow
A: breathe steam, unfitting armour, cold-blooded, AC +7
a: Breathe Steam, Renounce Religion, Channel Magic, Forget Spell, Divine
Exegesis


You were on level 2 of the Lair of Beasts.
You worshipped Sif Muna.
Sif Muna was extremely pleased with you.
You visited 2 branches of the dungeon, and saw 12 of its levels.

You collected 703 gold pieces.

Inventory:

Hand Weapons
 c - a +1 whip
 G - a +2 whip of freezing (weapon)
Missiles
 d - 336 stones
Armour
 i - a +1 buckler (worn)
 o - a +1 cloak of preservation (worn)
 p - a +1 pair of gloves (worn)
 y - a +0 pair of boots (worn)
 C - a +2 cloak
Magical Staves
 O - an uncursed staff of conjuration
Jewellery
 b - a ring of positive energy (left hand)
 e - a +6 ring of strength
 k - an amulet of reflection (around neck)
 q - an uncursed ring of wizardry
 w - a +6 ring of intelligence
 x - a +6 ring of intelligence (right hand)
 B - an uncursed ring of wizardry
 E - an uncursed ring of positive energy
 K - an uncursed ring of magical power
 P - an uncursed ring of positive energy
Wands
 a - a wand of digging (8)
 l - a wand of random effects (23)
 s - a wand of polymorph (9)
 z - a wand of enslavement (2)
 H - a wand of flame (12)
 J - a wand of paralysis (3)
Scrolls
 h - 9 scrolls of remove curse
 m - 3 scrolls of amnesia
 n - 4 scrolls of fear
 r - 7 scrolls of teleportation
 L - a scroll of vulnerability {unknown}
 M - a scroll of identify
 N - a scroll of enchant weapon
Potions
 f - a potion of flight {unknown}
 g - 2 potions of curing
 j - a potion of ambrosia
 t - 3 potions of haste
 u - 3 potions of berserk rage
 v - 2 potions of attraction
 A - 2 potions of magic
 D - 3 potions of lignification
 F - a potion of heal wounds {unknown}
 I - 3 potions of brilliance
 Q - a potion of invisibility {unknown}


   Skills:
 + Level 2.9 Fighting
 + Level 3.0 Maces & Flails
 + Level 4.6 Dodging
 + Level 3.8 Stealth
 + Level 4.6 Shields
 + Level 11.2 Spellcasting
 + Level 12.7 Conjurations
 + Level 0.5 Air Magic


You had 22 spell levels left.
You knew the following spells:

 Your Spells              Type           Power        Failure   Level
a - Magic Dart            Conj           100%         1%          1
b - Searing Ray           Conj           100%         1%          2
c - Bolt of Magma         Conj/Fire/Erth 19%          17%         5
d - Poisonous Vapours     Pois/Air       34%          4%          2

Your spell library contained the following spells:

 Spells                   Type           Power        Failure   Level
 Dazzling Flash           Conj/Hex       100%         1%          3
 Stone Arrow              Conj/Erth      100%         1%          3
 Fulminant Prism          Conj/Hex       25%          2%          4
 Iskenderun's Mystic Bla  Conj/Tloc      50%          2%          4
 Sandblast                Erth           30%          3%          1
 Passwall                 Tmut/Erth      12%          5%          2
 Petrify                  Tmut/Erth      15%          34%         4
 Conjure Ball Lightning   Conj/Air       26%          34%         6
 Silence                  Hex/Air        8%           65%         5
 Lee's Rapid Deconstruct  Erth           7%           69%         5
 Spellforged Servitor     Conj/Summ      25%          92%         7


Dungeon Overview and Level Annotations

Branches:
Dungeon (10/15)            Temple (0/1) D:5            Lair (2/6) D:10
    Orc (0/2) D:9
  Swamp: Lair:2-4    Shoals: Lair:2-4     Snake: Lair:2-4    Spider: Lair:2-4

Altars:
Ashenzari
Cheibriados
Elyvilon
Gozag
Kikubaaqudgha
Makhleb
Okawaru
Sif Muna
Uskayaw

Shops:
D:7 *

Annotations:
Lair:1 1 runed translucent door
Lair:2 Erica


Innate Abilities, Weirdness & Mutations

You can breathe blasts of scalding, opaque steam.
Your pale cyan-grey scales are hard. (AC +7)
You cannot fit into any form of body armour.
You are cold-blooded and may be slowed by cold attacks.


Message History

Casting: Searing Ray (safe; 1% risk of failure)
Confirm with . or Enter, or press ? or * to list all spells.
Okay, then.
Casting: Searing Ray (safe; 1% risk of failure)
Confirm with . or Enter, or press ? or * to list all spells.
Okay, then.
Okay, then.
Casting: Searing Ray (safe; 1% risk of failure)
Confirm with . or Enter, or press ? or * to list all spells.
Aiming: Bolt of Magma (dangerous; 17% risk of failure)
Press: ? - help, Shift-Dir - straight line You miscast Bolt of Magma.
You are very lightly contaminated with residual magic.
You are blasted with magical energy!
* * * LOW HITPOINT WARNING * * *
You hear some strange, mumbled words.
A bolt of poison appears from out of thin air!
The bolt of poison hits you!
You are lethally poisoned!
You die...

#### ###..... ##P#P#
#......# #.....
##......#### #....
P.......... +....
.......P #.... .....#
#.... #{.P# #.#.' #@.#
####. #####.# ###
#####...
##...P'####.###.##....
#...........##.##P.#?#
#...........P.#.P.+#.#
#............P.#.......
.#.....................
#...........P..[......
.............##........


There were no monsters in sight!

Vanquished Creatures
  A yaktaur captain (D:8)
  A hydra (Lair:1)
  A two-headed ogre (D:10)
  Pikel (D:8)
  Maurice (D:8)
  A black mamba (Lair:1)
  A cane toad (Lair:1)
  4 komodo dragons
  A rime drake (Lair:1)
  A polar bear (Lair:1)
  4 blink frogs (Lair:1)
  A slime creature (shapeshifter) (D:10)
  2 wyverns (Lair:1)
  16 yaks
  A wraith (D:10)
  Grum (D:8)
  A basilisk (Lair:1)
  4 orc warriors
  A water moccasin (Lair:1)
  4 sky beasts
  An ice beast (D:6)
  An eye of draining (D:10)
  7 ogres
  2 centaurs
  2 wolves (D:8)
  3 big kobolds
  2 lemures (D:8)
  Blork the orc (D:5)
  15 bullfrogs
  3 scorpions
  5 wights
  6 killer bees (D:9)
  A troll zombie (D:10)
  4 howler monkeys
  2 electric eels (Lair:2)
  A bullfrog zombie (D:8)
  2 human zombies (D:10)
  2 jellies
  7 orc wizards
  2 centaur skeletons
  5 hounds
  7 orc priests
  2 bullfrog skeletons
  An iguana (D:5)
  A human skeleton (D:10)
  Natasha (thrice) (D:2)
  9 worker ants
  2 hound skeletons
  4 mummies (D:10)
  A worker ant zombie (D:6)
  6 gnolls
  15 adders
  5 shadow imps
  3 white imps
  An ufetubus (D:8)
  2 oozes (D:1)
  2 adder zombies (D:6)
  5 worms
  6 leopard geckos
  36 orcs
  4 giant cockroaches
  4 goblins
  10 hobgoblins
  4 jackals
  3 quokkas
  A ball python (D:2)
  11 bats
  5 frilled lizards
  A jackal skeleton (D:5)
  20 kobolds
  2 orc zombies (D:10)
  2 quokka skeletons
  9 rats
309 creatures vanquished.

Vanquished Creatures (others)
  A fungus (Lair:1)
  19 plants
  4 toadstools (Lair:1)
24 creatures vanquished.

Grand Total: 333 creatures vanquished

Notes
Turn   | Place    | Note
-------+----------+-------------------------------------------
     0 | D:1      | funkygono the Draconian Conjurer began the quest for the
                  | Orb.
     0 | D:1      | Reached XP level 1. HP: 14/14 MP: 3/3
   292 | D:1      | Reached XP level 2. HP: 20/20 MP: 1/5
   361 | D:1      | You fall into a shaft and drop 1 floor!
   374 | D:2      | Learned a level 2 spell: Searing Ray
   479 | D:2      | Noticed Natasha
   482 | D:2      | Killed Natasha
   483 | D:2      | Reached XP level 3. HP: 26/26 MP: 1/6
   736 | D:2      | Reached skill level 5 in Conjurations
  1479 | D:2      | Reached XP level 4. HP: 33/33 MP: 4/7
  1839 | D:2      | Noticed Natasha
  1843 | D:2      | Killed Natasha
  2170 | D:2      | Noticed Natasha
  2175 | D:2      | Killed Natasha
  2176 | D:2      | Reached skill level 6 in Conjurations
  2176 | D:2      | Reached XP level 5. HP: 38/38 MP: 2/8
  3155 | D:3      | Found a shimmering blue altar of Sif Muna.
  3163 | D:3      | Became a worshipper of Sif Muna the Loreminder
  3504 | D:4      | Reached XP level 6. HP: 45/45 MP: 5/10
  4051 | D:4      | Reached skill level 7 in Conjurations
  4051 | D:4      | Your scales start taking on a pale cyan-grey colour.
  4051 | D:4      | Reached XP level 7. HP: 51/51 MP: 3/13
  4577 | D:5      | Entered Level 5 of the Dungeon
  5026 | D:5      | Reached * piety under Sif Muna
  5048 | D:5      | Reached skill level 5 in Spellcasting
  5403 | D:5      | Reached skill level 1 in Maces & Flails
  5475 | D:5      | Found a staircase to the Ecumenical Temple.
  5571 | D:5      | Noticed Blork the orc
  5577 | D:5      | Killed Blork the orc
  5760 | D:6      | Found a broken altar of Ashenzari.
  5763 | D:6      | Reached XP level 8. HP: 58/58 MP: 12/16
  5802 | D:6      | Reached skill level 1 in Fighting
  5802 | D:6      | Reached skill level 1 in Shields
  5802 | D:6      | Reached skill level 8 in Conjurations
  6253 | D:6      | Found an opulent altar of Gozag.
  6400 | D:6      | Found a hide-covered altar of Uskayaw.
  6456 | D:6      | Found a broken altar of Ashenzari.
  6459 | D:6      | Found an iron altar of Okawaru.
  6460 | D:6      | Found a burning altar of Makhleb.
  6461 | D:6      | Found a white marble altar of Elyvilon.
  6464 | D:6      | Found a snail-covered altar of Cheibriados.
  6525 | D:6      | Reached ** piety under Sif Muna
  6732 | D:6      | Reached skill level 9 in Conjurations
  6882 | D:6      | Identified a scroll of acquirement
  6882 | D:6      | Acquired a +0 cloak of preservation
  7170 | D:7      | Reached XP level 9. HP: 40/64 MP: 3/19
  7468 | D:7      | Found Mejucomp's General Store.
  7553 | D:7      | Found an iron altar of Okawaru.
  8149 | D:8      | Noticed Maurice
  8160 | D:8      | Killed Maurice
  8286 | D:8      | Reached skill level 10 in Conjurations
  8311 | D:8      | Reached *** piety under Sif Muna
  8520 | D:8      | Found an opulent altar of Gozag.
  8599 | D:8      | Noticed Pikel
  8607 | D:8      | Killed Pikel
  8640 | D:8      | Noticed a yaktaur captain
  8643 | D:8      | Killed a yaktaur captain
  8644 | D:8      | Reached XP level 10. HP: 46/72 MP: 17/23
  9167 | D:8      | Noticed Grum
  9173 | D:8      | Killed Grum
  9517 | D:9      | Found a staircase to the Orcish Mines.
  9568 | D:9      | Reached skill level 11 in Conjurations
  9687 | D:9      | Reached **** piety under Sif Muna
 10383 | D:10     | Entered Level 10 of the Dungeon
 10605 | D:10     | Noticed an eye of devastation
 10676 | D:10     | Reached skill level 10 in Spellcasting
 10784 | D:10     | Found a staircase to the Lair.
 11031 | D:10     | Noticed a two-headed ogre
 11039 | D:10     | Killed a two-headed ogre
 11040 | D:10     | Reached XP level 11. HP: 46/79 MP: 13/25
 11490 | D:10     | Reached skill level 12 in Conjurations
 11507 | D:10     | Found an ancient bone altar of Kikubaaqudgha.
 12011 | Lair:1   | Entered Level 1 of the Lair of Beasts
 12630 | Lair:1   | Reached ***** piety under Sif Muna
 13596 | Lair:1   | Noticed an eight-headed hydra
 13606 | Lair:1   | Killed an eight-headed hydra
 13706 | Lair:1   | Noticed a dire elephant
 13706 | Lair:1   | Noticed a dire elephant
 13707 | Lair:1   | Found the +2 hood of the Assassin {Detection Stab+ Stlth++}
 13726 | Lair:1   | Found a runed translucent door.
 14418 | Lair:2   | Identified Sif Muna's Guide on Flight and Arcane Weapons
                  | (Sif Muna gifted it to you on level 2 of the Lair of
                  | Beasts)
 14418 | Lair:2   | Received a gift from Sif Muna
 14428 | Lair:2   | Learned a level 5 spell: Bolt of Magma
 14431 | Lair:2   | Learned a level 2 spell: Poisonous Vapours
 14909 | Lair:2   | Noticed Erica
 14935 | Lair:2   | HP: 1/81 [something (17)]
 14935 | Lair:2   | Killed from afar by Erica

Illustrated notes

Levels and vault maps discovered:
D:1:      psy_arrival_dodecagon, layout_basic
D:2:      layout_loops_corners, uniq_natasha
D:3:      layout_rooms, lemuel_coloured_pillars_altar, minmay_distorted
D:4:      layout_basic, minmay_crystal_room
D:5:      layout_loops_ring, minmay_temple_entry_mist, enter_ossuary_2,
          lexackson_kobold_supper, uniq_blork_the_orc
D:6:      layout_gridville, minitemple, basic_altar,
          nicolae_gozag_cash_rules_everything_around_me
D:7:      layout_cave_pools, serial_shops, shop_fountains, okawaru_gym_becter
D:8:      layout_loops_ring, overflow_temple_1_default, kennysheep_just_a_vault,
          uniq_maurice, uniq_grum, uniq_pikel
D:9:      layout_loops_cross
D:10:     layout_cave_pools, lair_entry_dummy,
          lemuel_mausoleum_altar_kikubaaqudgha
Lair:1:   gammafunk_lair_enchanted_lake, layout_chaotic_city,
          eino_small_chamber_without_monster, grunt_megastairs_2
Lair:2:   layout_roguey, serial_bayou_ford_a, beast_lair_carwin_6,
          serial_bayou_shore_a, uniq_erica

Skill      XL: |  1  2  3  4  5  6  7  8  9 10 11 |
---------------+----------------------------------+-----
Conjurations   | 5 6 7 9 10 11 12 | 12.7
Stealth        | 2 3 |  3.8
Spellcasting   | 3 4 5 7 9 10 11 | 11.2
Dodging        | 2 3 4 |  4.6
Maces & Flails | 1 2 3 |  3.0
Fighting       | 1 2 |  2.9
Shields        | 1 2 3 4 |  4.6
Air Magic      | |  0.5

Action                   |  1- 3 |  4- 6 |  7- 9 | 10-12 || total
-------------------------+-------+-------+-------+-------++-------
Melee: Whip              |    14 |    17 |    25 |    44 ||   100
       Tailslap          |       |     1 |     3 |     3 ||     7
 Cast: Magic Dart        |    42 |    71 |   152 |   111 ||   376
       Searing Ray       |     8 |    24 |    70 |    92 ||   194
       Poisonous Vapours |       |       |       |     7 ||     7
       Bolt of Magma     |       |       |       |     3 ||     3
 Abil: Breathe Steam     |       |       |     4 |     3 ||     7
  Use: Scroll            |     5 |     4 |    11 |     5 ||    25
       Potion            |       |       |       |     6 ||     6
 Stab: Distracted        |       |       |       |     1 ||     1
Armor: Skin              |     9 |    10 |    24 |    43 ||    86
Dodge: Dodged            |    16 |    13 |    33 |    61 ||   123
Block: Buckler           |       |    23 |    31 |    83 ||   137
       Reflection        |       |     2 |     5 |     7 ||    14
